 Dungeon Crawl Stone Soup version 0.23-a0-586-gacb4b3f (webtiles) character file.

66 inc the Conjurer (level 3, 14/14 HPs)
             Began as a Felid Fire Elementalist on Dec 18, 2018.
             Quit the game on level 4 of the Dungeon.
             The game lasted 00:04:51 (3376 turns).

inc the Conjurer (Felid Fire Elementalist)          Turns: 3376, Time: 00:04:52

Health: 14/14      AC:  1    Str:  4    XL:     3   Next: 96%
Magic:  7/7        EV: 18    Int: 20    God:
Gold:   126        SH:  4    Dex: 16    Spells: 2/6 levels left
                                        Lives:  0   Deaths: 1

rFire    . . .     SeeInvis +   (weapon unavailable)
rCold    . . .     Gourm    .   (shield unavailable)
rNeg     . . .     Faith    .   (armour unavailable)
rPois    .         Spirit   .   (helmet unavailable)
rElec    .         Reflect  +   (cloak unavailable)
rCorr    .         Harm     .   (gloves unavailable)
MR       .....                  (boots unavailable)
Stlth    +++.......             d - +4 amulet of reflection
HPRegen  0.04/turn              a - +3 ring of intelligence
MPRegen  0.10/turn              l - ring of flight

@: quick
A: very small, no armour, no weapons or thrown items, stealth, claws 1, fangs 3,
see invisible, carnivore, speed 1, shaggy fur 1, slow metabolism 1, sharp paws
a: Evoke Flight


You were on level 4 of the Dungeon.
You were not hungry.

You visited 1 branch of the dungeon, and saw 4 of its levels.

You collected 126 gold pieces.

Inventory:

Jewellery
 a - a +3 ring of intelligence (left paw)
 d - a +4 amulet of reflection (around neck)
 l - a ring of flight (right paw)
Wands
 n - a wand of random effects (10)
Scrolls
 e - a scroll of blinking {unknown}
 f - 4 scrolls of identify {unknown}
 g - a scroll of teleportation {unknown}
 h - a scroll of enchant armour {unknown}
 i - 2 scrolls of remove curse {unknown}
 k - a scroll of immolation {unknown}
Potions
 c - 2 potions of heal wounds {unknown}
 j - a potion of haste {unknown}
 m - a potion of magic {unknown}
Comestibles
 b - 6 rations


   Skills:
 - Level 2.6 Dodging
 - Level 2.6 Stealth
 - Level 2.0 Spellcasting
 + Level 3.8 Conjurations
 + Level 3.4 Fire Magic


You had 2 spell levels left.
You knew the following spells:

 Your Spells              Type           Power        Failure   Level  Hunger
a - Flame Tongue          Conj/Fire      ###..        3%          1    #......
b - Conjure Flame         Conj/Fire      ###.....     11%         3    ###....

Your spell library contained the following spells:

 Spells                   Type           Power        Failure   Level  Hunger
 Throw Flame              Conj/Fire      ###...       5%          2    ##.....
 Animate Skeleton         Necr           N/A          16%         1    #......
 Pain                     Necr           #...         16%         1    #......
 Inner Flame              Hex/Fire       #.......     24%         3    ###....
 Sticky Flame             Conj/Fire      ###.....     34%         4    #####..
 Regeneration             Chrm/Necr      #.........   43%         3    ###....
 Vampiric Draining        Necr           #.........   43%         3    ###....
 Fireball                 Conj/Fire      ###.......   69%         5    ######.
 Animate Dead             Necr           N/A          83%         4    #####..


Dungeon Overview and Level Annotations

Branches:
Dungeon (4/15)
 Temple: D:4-7

Altars:
Gozag
Nemelex Xobeh


Innate Abilities, Weirdness & Mutations

You cannot wear armour.
You are incapable of wielding weapons or throwing items.
Your paws allow you to move quietly. (Stealth)
You have sharp claws.
You have razor-sharp teeth.
You have supernaturally acute eyesight. (SInv)
You are carnivorous and can eat meat at any time.
You cover ground quickly.
You are covered in fur. (AC +1)
You have a slow metabolism.
Your sharp claws are effective at attacking unaware monsters.


Message History

Done exploring.
Done exploring.
(D) Dungeon
Where to? (Enter - D:4, ? - help)
There is a stone staircase leading down here.
You climb downwards.
The gnoll completely misses you.
The gnoll shouts! x2
The orc wizard is too close now for your liking.
There is a stone staircase leading up here.
The adder hisses angrily.
The gnoll shouts!
The orc wizard shouts!
The gnoll hits you with a +0 halberd!
Ouch! That really hurt!
The gnoll hits you with a +0 spear!
Ouch! That really hurt!
You stop ascending the stairs.
You die...
The gnoll closely misses you.
You are now level 3!
You rejoin the land of the living...
Are you sure you want to abandon this character and quit the game? (Confirm

#..
#.#
...
#.# #
#.#.#
#.#.#
#..#
#@#
#.##
..#
#..#
#..
#. #


There were no monsters in sight!

Vanquished Creatures
  Terence (D:2)
  Ijyb (D:3)
  2 adders
  A worm (D:2)
  7 dart slugs
  4 orcs (D:3)
  A giant cockroach (D:3)
  5 goblins
  3 hobgoblins
  2 jackals (D:1)
  A quokka (D:3)
  A ball python (D:3)
  9 bats
  2 frilled lizards (D:1)
  8 kobolds
  6 rats
54 creatures vanquished.

Notes
Turn   | Place    | Note
-------+----------+-------------------------------------------
     0 | D:1      | inc the Felid Fire Elementalist began the quest for the
                  | Orb.
     0 | D:1      | Reached XP level 1. HP: 7/7 MP: 4/4
     6 | D:1      | Reached skill level 1 in Conjurations
   301 | D:1      | Reached XP level 2. HP: 11/11 MP: 1/6
   872 | D:2      | Noticed Terence
   879 | D:2      | Killed Terence
   879 | D:2      | Reached XP level 3. HP: 8/14 MP: 0/7
  1439 | D:2      | Reached XP level 4. HP: 14/18 MP: 1/8
  1843 | D:2      | Learned a level 3 spell: Conjure Flame
  2669 | D:3      | Noticed Ijyb
  2983 | D:3      | Found a sparkling altar of Nemelex Xobeh.
  2984 | D:3      | Found an opulent altar of Gozag.
  3205 | D:3      | Killed Ijyb
  3375 | D:4      | Slain by a gnoll
  3376 | D:4      | Reached XP level 3. HP: -1/14 MP: 7/7
  3376 | D:4      | Quit the game

Vault maps used:
D:1:      lightli_arrival_chessboard
D:2:      uniq_terence
D:3:      grunt_temple_overflow_opulence, uniq_ijyb
D:4:      minmay_shop_damaged

Skill      XL: |  1  2  3  4 |
---------------+-------------+-----
Conjurations   | 1 3 |  3.8
Fire Magic     | 3 |  3.4
Dodging        | |  2.6
Stealth        | |  2.6
Spellcasting   | |  2.0

Action                   |  1- 3 |  4- 6 || total
-------------------------+-------+-------++-------
Melee: Unarmed           |     8 |     1 ||     9
       Bite              |     1 |       ||     1
 Cast: Flame Tongue      |    61 |    63 ||   124
  Eat: Chunk             |     7 |       ||     7
Armor: Skin              |     4 |     2 ||     6
Dodge: Dodged            |    43 |    15 ||    58
Block: Other             |       |     4 ||     4

Table legend:
 A = Non-vault XP
 B = Vault XP
 C = Vault XP percentage of total XP
 D = Non-vault monster count
 E = Vault monster count
 F = Vault count percentage of total count
                 A         B        C        D         E       F
            +---------+---------+-------+---------+---------+-------
      Total |     125 |      69 |  35.6 |      52 |       2 |   3.7
            +---------+---------+-------+---------+---------+-------
        D:1 |      32 |       0 |   0.0 |      20 |       0 |   0.0
        D:2 |      52 |      36 |  40.9 |      18 |       1 |   5.3
        D:3 |      41 |      33 |  44.6 |      14 |       1 |   6.7
            +---------+---------+-------+---------+---------+-------
